 Dungeon Crawl Stone Soup version 0.28.0 (webtiles) character file.

Game seed: 13013765273029088512

294 HallandMoats the Skirmisher (level 6, -21/48 HPs)
             Began as a Demonspawn Monk on Feb 6, 2022.
             Was a Priest of Okawaru.
             Demolished by an ogre (29 damage)
             ... on level 5 of the Dungeon.
             The game lasted 00:03:48 (4947 turns).

HallandMoats the Skirmisher (Demonspawn Monk)       Turns: 4947, Time: 00:03:49

Health: -21/48     AC:  6    Str: 13    XL:     6   Next: 11%
Magic:  8/8        EV: 11    Int: 12    God:    Okawaru [***...]
Gold:   138        SH:  4    Dex: 15    Spells: 5/5 levels left

rFire   . . .      SeeInvis .     - Unarmed
rCold   . . .      Faith    .   (no shield)
rNeg    . . .      Spirit   .   j - +0 ring mail
rPois   .          Reflect  .   (no helmet)
rElec   .          Harm     .   (no cloak)
rCorr   .          Rampage  .   (no gloves)
Will    .....                   f - +0 pair of boots
Stlth   +.........              (no amulet)
HPRegen 0.16/turn               (no ring)
MPRegen 0.11/turn               (no ring)

@: no status effects
A: hooves 1, (demonic guardian 1), condensation shield
a: Renounce Religion, Heroism


You were on level 5 of the Dungeon.
You worshipped Okawaru.
Okawaru was most pleased with you.
You visited 1 branch of the dungeon, and saw 5 of its levels.

You collected 138 gold pieces.

Inventory:

Hand Weapons
 a - the +5 mace of the Fulmar {venom, Dex+2}
   (You found it on level 4 of the Dungeon)

   It poisons the flesh of those it strikes.
   Dex:       It affects your dexterity (+2).
Armour
 f - a +0 pair of boots (worn)
 j - a +0 ring mail (worn)
 k - a +0 pair of gloves
Scrolls
 e - 3 scrolls of amnesia {unknown}
 g - 2 scrolls of enchant armour {unknown}
 l - a scroll of noise {unknown}
Potions
 b - 2 potions of heal wounds {unknown}
 c - a potion of brilliance {unknown}
 d - a potion of resistance {unknown}
 h - a potion of flight {unknown}
 i - a potion of attraction {unknown}
 m - 2 potions of curing {unknown}


   Skills:
 * Level 4.2 Fighting
 + Level 1.8 Armour
 + Level 3.3 Dodging
 - Level 1.7 Stealth
 * Level 3.8 Unarmed Combat
 * Level 3.7 Invocations


You had 5 spell levels left.
You didn't know any spells.
Your spell library contained the following spells:

 Spells                   Type           Power      Damage    Failure   Level
 Inner Flame              Hex/Fire       0%         N/A       91%         3
 Cause Fear               Hex            0%         N/A       100%        4
 Discord                  Hex            0%         N/A       100%        8
 Summon Small Mammal      Summ           Unusable   N/A       N/A         1
 Call Canine Familiar     Summ           Unusable   N/A       N/A         3
 Summon Guardian Golem    Hex/Summ       Unusable   N/A       N/A         3

Dungeon Overview and Level Annotations

Branches:
Dungeon (5/15)             Temple (0/1) D:4

Altars:
Ashenzari
Gozag
Okawaru
Yredelemnul


Innate Abilities, Weirdness & Mutations

You have large cloven feet.
((A weak demonic guardian rushes to your aid.))
A meltable shield of frost defends you. (SH +4)


Message History

Found 16 sling bullets.
The ogre barely misses you. You block the shadow imp's attack.
You hit the ogre.
The ogre is moderately wounded.
The shadow imp barely misses you. The ogre misses you.
You hit the ogre but do no damage.
The ogre is moderately wounded.
You block the shadow imp's attack.
You hit the ogre.
The ogre is heavily wounded.
The ogre closely misses you. The shadow imp hits you.
You completely miss the ogre.
The ogre is moderately wounded.
The ogre hits you with a +0 giant club!!
Ouch! That really hurt!
The shadow imp barely misses you.
You are too injured to fight recklessly!
You are too injured to fight recklessly!
You are too injured to fight recklessly!
You are too injured to fight recklessly!
You are too injured to fight recklessly!
You are too injured to fight recklessly!
You are too injured to fight recklessly!
You are too injured to fight recklessly!
You are too injured to fight recklessly!
You are too injured to fight recklessly!
You are too injured to fight recklessly!
You are too injured to fight recklessly!
You are too injured to fight recklessly!
You are too injured to fight recklessly!
You are too injured to fight recklessly!
You are too injured to fight recklessly!
You are too injured to fight recklessly!
The shadow imp gestures at you. Pain shoots through your body!
* * * LOW HITPOINT WARNING * * *
The shadow imp grinds its teeth.
The ogre hits you with a +0 giant club!!
Ouch! That really hurt!
You die...

.......##.##...........
.......#...#....88≈≈≈≈≈
....###........##≈≈≈≈≈.
...........##....≈≈≈≈≈#
##....$..........≈≈≈≈#.
..#.##..........≈≈≈≈≈..
............5..≈≈≈≈≈#.
.....=......O..<≈≈≈≈...
..##.........@..≈≈≈≈...
##..#.......≈≈≈≈≈...
#.).........≈≈≈≈≈.##
.............≈≈≈≈....
....>##......≈≈≈≈....
..# #......≈≈≈≈.... .#
#.......≈≈≈≈....
#.......≈≈≈≈≈..
........≈≈≈≈≈.


You could see an ogre and a shadow imp.

Vanquished Creatures
  An ogre (D:4)
  A howler monkey (D:4)
  A hound (D:5)
  7 adders
  A worm (D:2)
  4 dart slugs
  An orc (D:2)
  5 ball pythons
  3 endoplasms
  5 giant cockroaches
  9 goblins
  8 hobgoblins
  6 quokkas
  4 bats
  5 frilled lizards
  5 kobolds
  5 rats
71 creatures vanquished.

Notes
Turn   | Place    | Note
-------+----------+-------------------------------------------
     0 | D:1      | HallandMoats the Demonspawn Monk began the quest for the
                  | Orb.
     0 | D:1      | Reached XP level 1. HP: 18/18 MP: 1/1
   278 | D:1      | Reached skill level 1 in Invocations
   280 | D:1      | Gained mutation: A meltable shield of frost defends you.
                  | (SH +4) [demonic ancestry]
   280 | D:1      | Reached XP level 2. HP: 18/24 MP: 2/2
   696 | D:1      | Found a faded altar of an unknown god.
  1065 | D:1      | Gained mutation: A weak demonic guardian rushes to your
                  | aid. [demonic ancestry]
  1065 | D:1      | Reached XP level 3. HP: 29/29 MP: 4/4
  1550 | D:1      | Prayed at the altar of an unknown god.
  1550 | D:1      | Became a worshipper of Warmaster Okawaru
  1550 | D:1      | Reached * piety under Okawaru
  1550 | D:1      | Reached ** piety under Okawaru
  2331 | D:2      | Reached XP level 4. HP: 6/35 MP: 2/5
  2871 | D:2      | Reached skill level 1 in Armour
  4004 | D:4      | Found a staircase to the Ecumenical Temple.
  4123 | D:4      | Identified the +5 mace of the Fulmar {venom, Dex+2}
  4162 | D:4      | Reached XP level 5. HP: 38/42 MP: 7/7
  4216 | D:4      | Found a broken altar of Ashenzari.
  4220 | D:4      | Found an opulent altar of Gozag.
  4223 | D:4      | Found a basalt altar of Yredelemnul.
  4306 | D:4      | Noticed an ogre
  4323 | D:4      | Killed an ogre
  4323 | D:4      | Reached *** piety under Okawaru
  4324 | D:4      | Reached skill level 4 in Fighting
  4870 | D:5      | Entered Level 5 of the Dungeon
  4883 | D:5      | Gained mutation: You have large cloven feet. [demonic
                  | ancestry]
  4883 | D:5      | Reached XP level 6. HP: 40/48 MP: 8/8
  4947 | D:5      | Demolished by an ogre

Illustrated notes

Levels and vault maps discovered:
D:1:      lightli_arrival_chessboard, layout_loops_ring,
          ebering_ecumenical_altar_rust
D:2:      layout_basic
D:3:      layout_basic, minmay_curled_crystal
D:4:      layout_loops_ring, grunt_temple_overflow_diamond,
          minmay_temple_entry_drinking_statues
D:5:      wander_river, layout_cave_pools, uniq_eustachio

Skill      XL: |  1  2  3  4  5 |
---------------+----------------+-----
Invocations    | 1 2 3 |  3.7
Unarmed Combat | 3 |  3.8
Armour         | 1 |  1.8
Dodging        | 3 |  3.3
Fighting       | 4 |  4.2
Stealth        | |  1.7

Action                   |  1- 3 |  4- 6 || total
-------------------------+-------+-------++-------
Melee: Unarmed           |   193 |   145 ||   338
       Punch             |     4 |     3 ||     7
Invok: Heroism           |     1 |       ||     1
 Stab: Sleeping          |     3 |     1 ||     4
Armor: Robe              |    25 |       ||    25
       Ring mail         |     6 |    33 ||    39
Dodge: Dodged            |   105 |    70 ||   175
Block: Other             |    27 |    23 ||    50
